AoeStats
← Bandolero

Lombardia

510020682Analyzed
4v4 RM · 2d ago on Sep 29, 2026· 29m 25s· 8 players
Game mode
Random Map
Map size
Large (8 player)
Population
200
Speed
Normal
Resources
Standard
Victory
Conquest
Starting age
Dark Age
Ending age
Imperial Age
RankedLock teamsTeams togetherTeam positionsShared explorationLock speedFull tech treeHidden civsTurbo modeCheats
Victory
Defeat
🇺🇸 Varangians · United States
1635
+17
🇹🇼 Danes · Taiwan
1555
+21
🇹🇼 Wu · Taiwan
1547
+21
1373
+27
🇲🇽 Italians · Mexico
1713
-24
🇹🇼 Mongols · Taiwan
1677
-22
🇦🇷 Persians · Argentina
1620
-20
🇨🇳 Spanish · China
1606
-20
Bandolero
7:03 Loom
9:38 Feudal Age
11:08 Double-Bit Axe
13:39 Scale Barding Armor
13:45 Forging
20:46 Castle Age
19:29 Gold Mining
20:01 Bloodlines
21:37 Chain Barding Armor
25:40 Wheelbarrow
28:44 Town Watch
Ux'Nova
11:19 Loom
12:02 Loom
13:47 Feudal Age
15:08 Double-Bit Axe
16:36 Fletching
18:50 Castle Age
17:16 Horse Collar
22:09 Crossbowman
23:10 Bodkin Arrow
26:53 Bow Saw
27:07 Elite Skirmisher
28:25 Wheelbarrow
29:22 Padded Archer Armor
鼠條
5:36 Loom
7:47 Feudal Age
8:53 Double-Bit Axe
11:59 Horse Collar
15:08 Wheelbarrow
20:13 Castle Age
21:40 Hand Cart
24:32 Fletching
25:59 Bow Saw
acyhjujaxuzjkt
12:52 Feudal Age
17:39 Castle Age
16:47 Loom
17:02 Gold Mining
17:46 Double-Bit Axe
18:41 Bow Saw
18:35 Padded Archer Armor
20:07 Wheelbarrow
23:42 Leather Archer Armor
Atlas35
9:29 Loom
11:15 Feudal Age
16:04 Castle Age
14:10 Double-Bit Axe
14:52 Horse Collar
15:43 Fletching
16:57 Bow Saw
17:09 Fletching
20:56 Bodkin Arrow
22:46 Padded Archer Armor
22:41 Gold Mining
25:50 Ballistics
26:34 Wheelbarrow
29:58 Gold Shaft Mining
29:14 Stone Mining
wildanimal
9:04 Feudal Age
9:21 Man-at-Arms
10:14 Arson
11:03 Double-Bit Axe
13:40 Scale Mail Armor
14:41 Loom
17:44 Town Watch
18:25 Forging
20:15 Wheelbarrow
23:33 Castle Age
23:05 Horse Collar
23:17 Gold Mining
24:28 Heavy Plow
24:39 Bow Saw
25:31 Fletching
迪恩-伊薩卡-凡爾賽提斯
8:46 Feudal Age
8:20 Loom
9:26 Double-Bit Axe
9:49 Horse Collar
16:37 Scale Barding Armor
20:11 Wheelbarrow
19:43 Stone Mining
19:44 Gold Mining
20:25 Forging
23:40 Castle Age
23:04 Bloodlines
24:56 Chain Barding Armor
24:46 Light Cavalry
26:05 Iron Casting
25:36 Heavy Plow
25:58 Bow Saw
27:17 Fletching
28:46 Bodkin Arrow
29:47 Ballistics
29:31 Padded Archer Armor
bcda
5:37 Loom
9:03 Feudal Age
9:42 Double-Bit Axe
11:03 Horse Collar
14:39 Bloodlines
17:49 Forging
17:47 Town Watch
19:38 Wheelbarrow
19:12 Scale Barding Armor
20:43 Wheelbarrow
24:31 Castle Age
22:35 Gold Mining
24:34 Light Cavalry
25:14 Husbandry
24:41 Light Cavalry
25:21 Husbandry
25:57 Iron Casting
25:33 Bow Saw
25:46 Heavy Plow
26:22 Chain Barding Armor
28:09 Hand Cart
Connection lost

Rejoining the realm…

Still unreachable

The connection could not be restored.

Session expired

The server has moved on; the page needs a fresh start.